 Dungeon Crawl Stone Soup version 0.29.1-1-gd02db69 (webtiles) character file.

Game seed: 13402384456436448495

118 Jonnyslop the Trooper (level 5, -9/34 HPs)
             Began as a Gargoyle Fighter on Sept 30, 2022.
             Splashed by a jelly's acid (10 damage)
             ... in a sewer.
             The game lasted 00:05:08 (2866 turns).

Jonnyslop the Trooper (Gargoyle Fighter)            Turns: 2866, Time: 00:05:08

Health: -9/34      AC: -3    Str: 22    XL:     5   Next: 2%
Magic:  5/5        EV:  9    Int:  8    God:
Gold:   148        SH:  4    Dex:  9    Spells: 4/4 levels left

rFire   . . .      SeeInvis .   a - +0 flail (venom)
rCold   . . .      Faith    .   c - +0 buckler
rNeg    + . .      Spirit   .   b - +0 scale mail
rPois   ∞          Reflect  .   e - +0 helmet
rElec   +          Harm     .   (no cloak)
rCorr   .          Rampage  .   (no gloves)
Will    .....                   (no boots)
Stlth   ..........              (no amulet)
HPRegen 0.11/turn               (no ring)
MPRegen 0.09/turn               (no ring)

@: corroded
A: sickness immunity, AC +4, negative energy resistance 1, electricity
resistance, torment resistance 1, petrification resistance
a: no special abilities


You were in a sewer.
You visited 1 branch of the dungeon, and saw 3 of its levels.
You also visited: Sewer.

You collected 148 gold pieces.

Inventory:

Hand Weapons
 a - a +0 flail of venom (weapon)
Missiles
 l - 5 poisoned darts (quivered)
Armour
 b - a +0 scale mail (worn)
 c - a +0 buckler (worn)
 e - a +0 helmet (worn)
Jewellery
 h - an amulet of magic regeneration
 k - a ring of wizardry
Scrolls
 j - a scroll of teleportation
Potions
 d - 2 potions of might
 f - a potion of curing {unknown}
 g - 2 potions of mutation
 i - a potion of lignification
 m - a potion of brilliance {unknown}
 n - a potion of resistance {unknown}


   Skills:
 + Level 4.4 Fighting
 * Level 4.2 Maces & Flails
 - Level 3.2 Armour
 - Level 3.2 Shields


You had 4 spell levels left.
You didn't know any spells.
Your spell library was empty.

Dungeon Overview and Level Annotations

Branches:
Dungeon (3/15)              Sewer (1/1)

Altars:


Innate Abilities, Weirdness & Mutations

You are immune to sickness and miasma.
Your stone body is resilient. (AC +4)
You are immune to poison.
You resist negative energy. (rN+)
You are resistant to electric shocks. (rElec)
You are resistant to unholy torment.
You are immune to petrification.


Message History

The ball python grabs you. The ball python constricts you.
You barely miss the ball python.
The ball python is moderately wounded.
You kill the ball python!
You enter the shallow water.
Moving in this stuff is going to be slow.
You hit the jelly. The acid corrodes you!
Your hands burn!
The jelly is moderately wounded.
The jelly hits you but does no damage.
You hit the jelly.
Your hands burn!
The jelly is heavily wounded.
You block the jelly's attack.
Your unstable footing causes you to fumble your attack.
The jelly hits you but does no damage.
Your unstable footing causes you to fumble your attack.
The jelly hits you but does no damage. The jelly hits you.
The acid corrodes you!
You are splashed with acid!
Your unstable footing causes you to fumble your attack.
The jelly hits you but does no damage.
You hit the jelly. The acid corrodes you!
Your hands burn!
The jelly is severely wounded.
The jelly hits you.
You are splashed with acid!
* * * LOW HITPOINT WARNING * * *
You are too injured to fight recklessly!
You are too injured to fight recklessly!
You are too injured to fight recklessly!
You are too injured to fight recklessly!
You are too injured to fight recklessly!
You are too injured to fight recklessly!
You are too injured to fight recklessly!
You are too injured to fight recklessly!
You are too injured to fight recklessly!
You are too injured to fight recklessly!
You are too injured to fight recklessly!
The jelly attacks as you move away! The jelly barely misses you.
You block the jelly's attack. The jelly attacks as you move away!
The jelly hits you.
* * * LOW HITPOINT WARNING * * *
The acid corrodes you!
You are splashed with acid!
You die...

##### #[_?#
##!!!# #.~..#
#~~~.####
##~@J..~.#
##~~~.~~..#
#.~~####~.~#
#~~## #.~.#
##.~#### #..#
##.~.~..##
...# ######
#~..~~..∩##
~..# .~~~.#
#.~~###.~~#
..# .....#
####~.##.##~.#
~.#


You could see a jelly.

Vanquished Creatures
  A jelly (Sewer)
  An adder (D:2)
  A worm (Sewer)
  2 dart slugs (D:2)
  9 ball pythons
  12 endoplasms
  9 giant cockroaches
  3 hobgoblins (D:1)
  6 jackals
  6 quokkas
  4 bats
  3 frilled lizards
  2 kobolds (D:1)
  2 rats
61 creatures vanquished.

Notes
Turn   | Place    | Note
-------+----------+-------------------------------------------
     0 | D:1      | Jonnyslop the Gargoyle Fighter began the quest for the Orb.
     0 | D:1      | Reached XP level 1. HP: 14/14 MP: 1/1
   161 | D:1      | Reached XP level 2. HP: 17/19 MP: 2/2
   832 | D:1      | Reached XP level 3. HP: 24/24 MP: 3/3
  2154 | D:3      | Reached XP level 4. HP: 25/29 MP: 4/4
  2158 | D:3      | Found a glowing drain.
  2181 | Sewer    | Entered a sewer
  2528 | Sewer    | Found a viscous altar of Jiyva.
  2544 | Sewer    | HP: 1/30 [frozen (3)]
  2548 | Sewer    | Reached XP level 5. HP: 2/34 MP: 5/5
  2866 | Sewer    | HP: 1/34 [jelly (3)]
  2866 | Sewer    | Splashed by a jelly's acid

Illustrated notes

Levels and vault maps discovered:
D:1:      elethiomel_arrival_maze, layout_basic
D:2:      layout_basic
D:3:      kennysheep_slugbush, layout_basic, gup_sewer_entry_pipe,
          ebering_ecumenical_altar_hall
Sewer:    sewer_hellmonk_slimy_pipes

Skill      XL: |  1  2  3  4 |
---------------+-------------+-----
Maces & Flails | 3 4 |  4.2
Fighting       | 4 |  4.4
Armour         | |  3.2
Shields        | |  3.2

Action                   |  1- 3 |  4- 6 || total
-------------------------+-------+-------++-------
Melee: Flail             |    96 |    75 ||   171
  Use: Scroll            |     5 |       ||     5
       Potion            |       |     1 ||     1
Armor: Scale mail        |    38 |    46 ||    84
Dodge: Dodged            |    43 |    30 ||    73
Block: Buckler           |    21 |    13 ||    34
